| TOP OF THE 1ST |
|
Buffalo Bisons batting - Pitching for Salt Lake Bees : RHP Chris Russell
|
|
Pitching: RHP Chris Russell
|
|
|
Batting: SHB Bran Stark
|
0-0: Called Strike 0-1: Foul Ball, location: 2F 0-2: Foul Ball, location: 2F 0-2: Ball 1-2: Ground out 6-3 (Groundball, 6M, EV 79.4 MPH)
|
|
Batting: RHB Alex Ramos
|
0-0: Ball 1-0: Swinging Strike 1-1: Called Strike 1-2: Ground out 6-3 (Groundball, 6, EV 86.9 MPH)
|
|
Batting: LHB Michael Byrd
|
0-0: Ball 1-0: Ball 2-0: Ball 3-0: Base on Balls
|
|
Batting: LHB Isto Mäyrä
|
0-0: Ball Michael Byrd steals 2nd base 1-0: Called Strike 1-1: Called Strike 1-2: Strikes out looking
|
| Top of the 1st over - 0 runs, 0 hits, 0 errors, 1 left on base; Buffalo 0 - Salt Lake 0 |
| BOTTOM OF THE 1ST |
|
Salt Lake Bees batting - Pitching for Buffalo Bisons : RHP Jonathon Crunk
|
|
Pitching: RHP Jonathon Crunk
|
|
|
Batting: SHB Butch Brown
|
0-0: Ball 1-0: Ball 2-0: Swinging Strike 2-1: Fly out, F9 (Flyball, 89S, EV 94.4 MPH)
|
|
Batting: LHB Brett Bugge
|
0-0: Ball 1-0: Ball 2-0: Called Strike 2-1: Ball 3-1: Called Strike 3-2: Strikes out swinging
|
|
Batting: SHB Mario Padron
|
0-0: Ball 1-0: Ball 2-0: Ball 3-0: Called Strike 3-1: Foul Ball, location: 2F 3-2: Fly out, F9 (Flyball, 9S, EV 77.5 MPH)
|
| Bottom of the 1st over - 0 runs, 0 hits, 0 errors, 0 left on base; Buffalo 0 - Salt Lake 0 |
| TOP OF THE 2ND |
|
Buffalo Bisons batting - Pitching for Salt Lake Bees : RHP Chris Russell
|
|
Batting: RHB Bill Murray
|
0-0: Foul Ball, location: 2F 0-1: Ball 1-1: Ball 2-1: Ball 3-1: Foul Ball, location: 2F 3-2: Strikes out swinging
|
|
Batting: RHB Francisco Hernandez
|
0-0: Ball 1-0: Ball 2-0: Ball 3-0: Called Strike 3-1: Fly out, F5 (Line Drive, 5, EV 68.8 MPH)
|
|
Batting: RHB Leo Mair
|
0-0: Ball 1-0: Swinging Strike 1-1: Foul Ball, location: 2F 1-2: Ground out 5-3 (Groundball, 5S, EV 84.4 MPH)
|
| Top of the 2nd over - 0 runs, 0 hits, 0 errors, 0 left on base; Buffalo 0 - Salt Lake 0 |
| BOTTOM OF THE 2ND |
|
Salt Lake Bees batting - Pitching for Buffalo Bisons : RHP Jonathon Crunk
|
|
Batting: RHB Ryuji Ito
|
0-0: SINGLE (Groundball, 6MD, EV 94.4 MPH)
|
|
Batting: RHB Kian-tat Chen
|
0-0: Called Strike 0-1: Called Strike 0-2: Ball 1-2: Ball 2-2: Strikes out looking
|
|
Batting: RHB Brandon Davis
|
0-0: Called Strike 0-1: Ball 1-1: Foul Ball, location: 2F 1-2: Ball 2-2: Ball 3-2: Foul Ball, location: 2F 3-2: Base on Balls Ryuji Ito to second
|
|
Batting: RHB Josh Faulconer
|
0-0: Ball 1-0: Swinging Strike 1-1: Foul Ball, location: 2F 1-2: SINGLE (Groundball, 6D, EV 108.1 MPH) Ryuji Ito to third Brandon Davis to second
|
|
Batting: RHB Timoleon Tsikouna
|
0-0: Called Strike 0-1: Fly out, F9 (Flyball, 9D, EV 83.1 MPH) Runner from 3rd tags up, SCORES, no throw by RF
|
|
Batting: LHB Barrfhionn O'Toole
|
0-0: Called Strike 0-1: SINGLE (Line Drive, 9S, EV 98.8 MPH) Brandon Davis to third Josh Faulconer to second Runner from 3rd tries for Home, SAFE, throw by RF to home
|
|
Batting: SHB Butch Brown
|
0-0: Fly out, F8 (Flyball, 89S, EV 85.6 MPH)
|
| Bottom of the 2nd over - 2 runs, 3 hits, 0 errors, 2 left on base; Buffalo 0 - Salt Lake 2 |
| TOP OF THE 3RD |
|
Buffalo Bisons batting - Pitching for Salt Lake Bees : RHP Chris Russell
|
|
Batting: RHB Bobby Lasaguna
|
0-0: Ground out 4-3 (Groundball, 4, EV 103.8 MPH)
|
|
Batting: RHB Danny Heyer
|
0-0: Foul Ball, location: 2F 0-1: Swinging Strike 0-2: Ball 1-2: Strikes out looking
|
|
Batting: SHB Bran Stark
|
0-0: Ball 1-0: Ball 2-0: Foul Ball, location: 2F 2-1: Swinging Strike 2-2: Ball 3-2: Strikes out looking
|
| Top of the 3rd over - 0 runs, 0 hits, 0 errors, 0 left on base; Buffalo 0 - Salt Lake 2 |
| BOTTOM OF THE 3RD |
|
Salt Lake Bees batting - Pitching for Buffalo Bisons : RHP Jonathon Crunk
|
|
Batting: LHB Brett Bugge
|
0-0: Ball 1-0: Swinging Strike 1-1: Ball 2-1: Foul Ball, location: 2F 2-2: Ball 3-2: SINGLE (Groundball, 56D, EV 102.5 MPH)
|
|
Batting: SHB Mario Padron
|
0-0: Called Strike 0-1: Ball Brett Bugge is caught stealing 2nd base 2-6 1-1: Ball 2-1: Ground out 4-3 (Groundball, 4D, EV 93.1 MPH)
|
|
Batting: RHB Ryuji Ito
|
0-0: Called Strike 0-1: Foul Ball, location: 2F 0-2: Ground out 4-3 (Groundball, 34D, EV 99.4 MPH)
|
| Bottom of the 3rd over - 0 runs, 1 hit, 0 errors, 0 left on base; Buffalo 0 - Salt Lake 2 |
| TOP OF THE 4TH |
|
Buffalo Bisons batting - Pitching for Salt Lake Bees : RHP Chris Russell
|
|
Batting: RHB Alex Ramos
|
0-0: Swinging Strike 0-1: Called Strike 0-2: Foul Ball, location: 2F 0-2: Ball 1-2: Ball 2-2: Ground out 5-3 (Groundball, 56S, EV 86.9 MPH)
|
|
Batting: LHB Michael Byrd
|
0-0: Ball 1-0: Ball 2-0: Ball 3-0: Base on Balls
|
|
Batting: LHB Isto Mäyrä
|
0-0: Called Strike Michael Byrd steals 2nd base 0-1: Ball 1-1: Ground out 3-1 (Groundball, 34S, EV 88.1 MPH) Michael Byrd to third
|
|
Batting: RHB Bill Murray
|
0-0: Foul Ball, location: 2F 0-1: Ball 1-1: Fly out, F9 (Flyball, 9LD, EV 98.1 MPH)
|
| Top of the 4th over - 0 runs, 0 hits, 0 errors, 1 left on base; Buffalo 0 - Salt Lake 2 |
| BOTTOM OF THE 4TH |
|
Salt Lake Bees batting - Pitching for Buffalo Bisons : RHP Jonathon Crunk
|
|
Batting: RHB Kian-tat Chen
|
0-0: Ball 1-0: Ball 2-0: Called Strike 2-1: Ball 3-1: Base on Balls
|
|
Batting: RHB Brandon Davis
|
0-0: Called Strike 0-1: Called Strike 0-2: Ball 1-2: Reached on error, E6 (Groundball, 6, EV 91.9 MPH) Kian-tat Chen to second
|
|
Batting: RHB Josh Faulconer
|
0-0: Foul Ball, location: 2F 0-1: Foul Ball, location: 2F 0-2: Strikes out swinging
|
|
Batting: RHB Timoleon Tsikouna
|
0-0: Called Strike 0-1: Foul Ball, location: 2F 0-2: Grounds into double play, 3-6-1 (Groundball, 34, EV 102.5 MPH)
|
| Bottom of the 4th over - 0 runs, 0 hits, 1 error, 1 left on base; Buffalo 0 - Salt Lake 2 |
| TOP OF THE 5TH |
|
Buffalo Bisons batting - Pitching for Salt Lake Bees : RHP Chris Russell
|
|
Batting: RHB Francisco Hernandez
|
0-0: Ground out U3 (Groundball, 34S, EV 88.1 MPH)
|
|
Batting: RHB Leo Mair
|
0-0: Called Strike 0-1: Foul Ball, location: 2F 0-2: Strikes out looking
|
|
Batting: RHB Bobby Lasaguna
|
0-0: Called Strike 0-1: Foul Ball, location: 2F 0-2: Ball 1-2: Strikes out swinging
|
| Top of the 5th over - 0 runs, 0 hits, 0 errors, 0 left on base; Buffalo 0 - Salt Lake 2 |
| BOTTOM OF THE 5TH |
|
Salt Lake Bees batting - Pitching for Buffalo Bisons : RHP Jonathon Crunk
|
|
Batting: LHB Barrfhionn O'Toole
|
0-0: Ball 1-0: Ground out 4-3 (Groundball, 4S, EV 90.6 MPH)
|
|
Batting: SHB Butch Brown
|
0-0: Ball 1-0: Foul Ball, location: 2F 1-1: Ground out 6-3 (Groundball, 6, EV 86.9 MPH)
|
|
Batting: LHB Brett Bugge
|
0-0: Ground out 1-3 (Groundball, P, EV 73.1 MPH)
|
| Bottom of the 5th over - 0 runs, 0 hits, 0 errors, 0 left on base; Buffalo 0 - Salt Lake 2 |
| TOP OF THE 6TH |
|
Buffalo Bisons batting - Pitching for Salt Lake Bees : RHP Chris Russell
|
|
Batting: RHB Danny Heyer
|
0-0: Called Strike 0-1: Ball 1-1: Swinging Strike 1-2: Ground out 4-3 (Groundball, 4, EV 86.9 MPH)
|
|
Batting: SHB Bran Stark
|
0-0: Ball 1-0: Ball 2-0: Called Strike 2-1: Foul Ball, location: 2F 2-2: Ground out 6-3 (Groundball, 6, EV 108.8 MPH)
|
|
Batting: RHB Alex Ramos
|
0-0: Called Strike 0-1: Fly out, F8 (Flyball, 89D, EV 101.2 MPH)
|
| Top of the 6th over - 0 runs, 0 hits, 0 errors, 0 left on base; Buffalo 0 - Salt Lake 2 |
| BOTTOM OF THE 6TH |
|
Salt Lake Bees batting - Pitching for Buffalo Bisons : RHP Jonathon Crunk
|
|
Batting: SHB Mario Padron
|
0-0: Ball 1-0: Ground out 4-3 (Groundball, 4, EV 87.5 MPH)
|
|
Batting: RHB Ryuji Ito
|
0-0: Ball 1-0: Called Strike 1-1: Ball 2-1: Ball 3-1: Base on Balls
|
|
Batting: RHB Kian-tat Chen
|
0-0: Ball 1-0: Called Strike 1-1: Swinging Strike 1-2: Foul Ball, location: 2F 1-2: Strikes out swinging
|
|
Batting: RHB Brandon Davis
|
0-0: Ball 1-0: Swinging Strike 1-1: Ball Ryuji Ito steals 2nd base 2-1: Ball 3-1: Base on Balls
|
|
Batting: RHB Josh Faulconer
|
0-0: Called Strike 0-1: Ball 1-1: Fly out, F8 (Line Drive, 8LM, EV 101.9 MPH)
|
| Bottom of the 6th over - 0 runs, 0 hits, 0 errors, 2 left on base; Buffalo 0 - Salt Lake 2 |
| TOP OF THE 7TH |
|
Buffalo Bisons batting - Pitching for Salt Lake Bees : RHP Chris Russell
|
|
Batting: LHB Michael Byrd
|
0-0: Ball 1-0: Fly out, F9 (Flyball, 9S, EV 86.9 MPH)
|
|
Batting: LHB Isto Mäyrä
|
0-0: Foul Ball, location: 2F 0-1: Ground out 6-3 (Groundball, 6M, EV 101.2 MPH)
|
|
Batting: RHB Bill Murray
|
0-0: Fly out, F7 (Flyball, 7LMF, EV 93.8 MPH)
|
| Top of the 7th over - 0 runs, 0 hits, 0 errors, 0 left on base; Buffalo 0 - Salt Lake 2 |
| BOTTOM OF THE 7TH |
|
Salt Lake Bees batting - Pitching for Buffalo Bisons : RHP Jonathon Crunk
|
|
Batting: RHB Timoleon Tsikouna
|
0-0: Ball 1-0: Fly out, F8 (Flyball, 8RM, EV 89.4 MPH)
|
|
Batting: LHB Barrfhionn O'Toole
|
0-0: Ball 1-0: Foul Ball, location: 2F 1-1: SOLO HOME RUN (Line Drive, 9LD, EV 98.1 MPH), Distance : 353 ft
|
|
Batting: SHB Butch Brown
|
0-0: Ball 1-0: Foul Ball, location: 2F 1-1: Foul Ball, location: 2F 1-2: Strikes out looking
|
|
Batting: LHB Brett Bugge
|
0-0: Ball 1-0: Ball 2-0: Foul Ball, location: 2F 2-1: Ball 3-1: Swinging Strike 3-2: Foul Ball, location: 2F 3-2: Foul Ball, location: 2F 3-2: Foul Ball, location: 2F 3-2: SINGLE (Groundball, 4MD, EV 96.9 MPH)
|
|
Pitching: RHP Andres Lozano
|
|
|
Batting: SHB Mario Padron
|
0-0: Ground out 4-3 (Groundball, 4D, EV 101.2 MPH)
|
| Bottom of the 7th over - 1 run, 2 hits, 0 errors, 1 left on base; Buffalo 0 - Salt Lake 3 |
| TOP OF THE 8TH |
|
Buffalo Bisons batting - Pitching for Salt Lake Bees : RHP Chris Russell
|
|
Batting: RHB Francisco Hernandez
|
0-0: Ball 1-0: Called Strike 1-1: Ball 2-1: Swinging Strike 2-2: Ball 3-2: Strikes out swinging
|
|
Batting: RHB Leo Mair
|
0-0: Ball 1-0: SINGLE (Flyball, 3D, EV 90.6 MPH)
|
|
Batting: RHB Bobby Lasaguna
|
0-0: Called Strike 0-1: Ball 1-1: Ball 2-1: Foul Ball, location: 2F 2-2: SINGLE (Groundball, 56D, EV 106.9 MPH) Leo Mair to second
|
|
Pitching: LHP Vinny Zavala
|
|
|
Batting: RHB Danny Heyer
|
0-0: Called Strike 0-1: Swinging Strike 0-2: Ball 1-2: Strikes out swinging
|
|
Batting: SHB Bran Stark
|
0-0: Ball 1-0: Ball 2-0: Swinging Strike 2-1: Swinging Strike 2-2: Foul Ball, location: 2F 2-2: Ball Wild Pitch! Leo Mair to third Bobby Lasaguna to second 3-2: Ground out 5-3 (Groundball, 56S, EV 85.6 MPH)
|
| Top of the 8th over - 0 runs, 2 hits, 0 errors, 2 left on base; Buffalo 0 - Salt Lake 3 |
| BOTTOM OF THE 8TH |
|
Salt Lake Bees batting - Pitching for Buffalo Bisons : RHP Andres Lozano
|
|
Batting: RHB Ryuji Ito
|
0-0: Called Strike 0-1: Ball 1-1: Hit by Pitch
|
|
Batting: RHB Kian-tat Chen
|
0-0: Called Strike 0-1: Foul Ball, location: 2F 0-2: Foul Ball, location: 2F 0-2: Strikes out looking
|
|
Batting: RHB Brandon Davis
|
0-0: Ball 1-0: Called Strike 1-1: DOUBLE (Line Drive, 78XD, EV 106.2 MPH) Ryuji Ito to third
|
|
Batting: RHB Josh Faulconer
|
0-0: Intentional Walk
|
|
Batting: RHB Timoleon Tsikouna
|
0-0: Called Strike 0-1: Grounds into fielders choice 6-2 (Groundball, 6, EV 109.4 MPH) Brandon Davis to third Josh Faulconer to second
|
|
Batting: LHB Barrfhionn O'Toole
|
0-0: Called Strike 0-1: Called Strike 0-2: Foul Ball, location: 2F 0-2: Ball 1-2: Strikes out swinging
|
| Bottom of the 8th over - 0 runs, 1 hit, 0 errors, 3 left on base; Buffalo 0 - Salt Lake 3 |
| TOP OF THE 9TH |
|
Buffalo Bisons batting - Pitching for Salt Lake Bees : LHP Vinny Zavala
|
|
Batting: RHB Alex Ramos
|
0-0: Ball 1-0: Called Strike 1-1: Foul Ball, location: 2F 1-2: Foul Ball, location: 2F 1-2: Foul Ball, location: 2F 1-2: Ball 2-2: Strikes out swinging
|
|
Batting: LHB Michael Byrd
|
0-0: SINGLE (Groundball, 3D, EV 94.4 MPH)
|
|
Batting: LHB Isto Mäyrä
|
0-0: Ball 1-0: Ball 2-0: Ball 3-0: Called Strike 3-1: Foul Ball, location: 2F 3-2: Base on Balls Michael Byrd to second
|
|
Batting: RHB Bill Murray
|
0-0: Ball 1-0: Swinging Strike 1-1: Foul Ball, location: 2F 1-2: Ball 2-2: Strikes out swinging
|
|
Batting: RHB Francisco Hernandez
|
0-0: Called Strike 0-1: Ball 1-1: Ball 2-1: SINGLE (Line Drive, 7S, EV 96.9 MPH) Michael Byrd to third Isto Mäyrä to second
|
|
Batting: RHB Leo Mair
|
0-0: Ground out 3-1 (Groundball, 34S, EV 86.9 MPH)
|
| Top of the 9th over - 0 runs, 2 hits, 0 errors, 3 left on base; Buffalo 0 - Salt Lake 3 |
|